 Dungeon Crawl Stone Soup version 0.20.1-1-g8b1a95d (webtiles) character file.

260 Marthos the Conjurer (level 5, 0/38 HPs)
             Began as a Draconian Conjurer on Dec 6, 2017.
             Shot with an arrow by a centaur (10 damage)
             ... on level 3 of the Dungeon.
             The game lasted 00:05:25 (3504 turns).

Marthos the Conjurer (Draconian Conjurer)           Turns: 3504, Time: 00:05:26

Health: 0/38       AC:  5    Str: 10    XL:     5   Next: 95%
Magic:  4/11       EV: 12    Int: 16    God:
Gold:   74         SH:  0    Dex: 12    Spells: 8/12 levels left

rFire    . . .     SeeInvis .   l - +0 morningstar
rCold    . . .     Gourm    .   (no shield)
rNeg     . . .     Faith    .   (armour unavailable)
rPois    .         Spirit   .   (helmet restricted)
rElec    .         Reflect  .   (no cloak)
rCorr    .         Harm     .   (no gloves)
MR       .....                  (no boots)
Stlth    ++........             (no amulet)
Regen    0.2/turn               (no ring)
MPRegen  0.2/turn               (no ring)

@: very slightly contaminated
A: unfitting armour, cold-blooded, AC +5
a: no special abilities


You were on level 3 of the Dungeon.
You were not hungry.

You visited 1 branch of the dungeon, and saw 3 of its levels.

You collected 74 gold pieces.

Inventory:

Hand Weapons
 l - a +0 morningstar (weapon)
Scrolls
 c - a scroll of teleportation {unknown}
 e - 2 scrolls of blinking {unknown}
 k - 2 scrolls of identify {unknown}
 m - a scroll of remove curse {unknown}
 n - 2 scrolls of enchant armour {unknown}
 q - a scroll of amnesia {unknown}
Potions
 d - a potion of cancellation {unknown}
 h - a potion of invisibility {unknown}
 i - a potion of curing {unknown}
 j - a potion of agility {unknown}
 o - 2 potions of flight {unknown}
 p - a potion of mutation {unknown}
 s - a potion of resistance {unknown}
Books
 a - a book of Conjurations

   Spells                             Type                      Level
   a - Magic Dart                     Conjuration                  1
   b - Searing Ray                    Conjuration                  2
   c - Dazzling Spray                 Conjuration/Hexes            3
   d - Fulminant Prism                Conjuration/Hexes            4
   e - Force Lance                    Conjuration/Translocation    4
   f - Iskenderun's Mystic Blast      Conjuration                  4
Comestibles
 b - 4 bread rations
 f - 4 meat rations
 g - a royal jelly
 r - 7 chunks of flesh


   Skills:
 - Level 1.7 Dodging
 - Level 1.7 Stealth
 * Level 4.2 Spellcasting
 * Level 5.8 Conjurations


You had 8 spell levels left.
You knew the following spells:

 Your Spells              Type           Power        Failure   Level  Hunger
a - Magic Dart            Conj           ###.         1%          1    None
b - Dazzling Spray        Conj/Hex       ##....       14%         3    ###....


Dungeon Overview and Level Annotations

Branches:
Dungeon (3/15)

Altars:
Elyvilon
Nemelex Xobeh
Xom


Innate Abilities, Weirdness & Mutations

Your plain brown scales are hard. (AC +5)
You cannot fit into any form of body armour.
You are cold-blooded and may be slowed by cold attacks.


Message History

You miscast Magic Dart.
You feel a strange surge of energy!
The centaur shoots an arrow.
The arrow hits you!
Casting: Magic Dart
Confirm with . or Enter, or press ? or * to list all spells.
Aiming: Magic Dart
Press: ? - help, Shift-Dir - straight line, f/p - centaur
Aim: a centaur, wielding a shortbow (moderately wounded)
The magic dart hits the centaur.
The centaur is heavily wounded.
The centaur shoots an arrow.
The arrow hits you!
* * * LOW HITPOINT WARNING * * *
Casting: Magic Dart
Confirm with . or Enter, or press ? or * to list all spells.
Aiming: Magic Dart
Press: ? - help, Shift-Dir - straight line, f/p - centaur
Aim: a centaur, wielding a shortbow (heavily wounded)
The magic dart hits the centaur.
The centaur is heavily wounded.
The centaur shoots an arrow.
The arrow hits you!
You die...

..........#..........##.
#.........#..........##.
#.........#...........#.
..c.......#...........#.
..........#...........#.
..........#...........#.
#.........#.......#...#.
#......(..#(......#...#.
#......@..#.......#...#.
........###.......#.....
..................#.....
....#.....#.......##....
........................
....#.⌠.⌠.#).##.#..#....
...................###.#
###.#.....#...#....###.#
#...._......#......#..


You could see a centaur.

Vanquished Creatures
  3 jellies (D:2)
  5 adders
  9 oozes (D:2)
  2 worms (D:2)
  4 dart slugs
  3 leopard geckos
  An orc (D:3)
  6 giant cockroaches
  4 goblins
  9 hobgoblins
  15 kobolds
  A ball python (D:3)
  10 bats
  3 frilled lizards
  4 rats
79 creatures vanquished.

Vanquished Creatures (others)
  8 fungi (D:2)
  10 toadstools (D:2)
18 creatures vanquished.

Grand Total: 97 creatures vanquished

Notes
Turn   | Place    | Note
-------+----------+-------------------------------------------
     0 | D:1      | Marthos the Draconian Conjurer began the quest for the Orb.
     0 | D:1      | Reached XP level 1. HP: 14/14 MP: 3/3
   141 | D:1      | Reached XP level 2. HP: 19/20 MP: 0/5
  1052 | D:2      | Reached XP level 3. HP: 26/26 MP: 1/6
  1744 | D:2      | Reached XP level 4. HP: 23/33 MP: 2/8
  2029 | D:2      | Reached skill level 5 in Conjurations
  2048 | D:2      | Reached XP level 5. HP: 12/38 MP: 1/10
  2520 | D:2      | Found a shimmering altar of Xom.
  2809 | D:2      | Learned a level 3 spell: Dazzling Spray
  3341 | D:3      | Found a sparkling altar of Nemelex Xobeh.
  3488 | D:3      | Found a white marble altar of Elyvilon.
  3499 | D:3      | Noticed a centaur
  3504 | D:3      | Shot with an arrow by a centaur

Skill      XL: |  1  2  3  4  5 |
---------------+----------------+-----
Spellcasting   | 3 4 |  4.2
Conjurations   | 5 |  5.8
Dodging        | |  1.7
Stealth        | |  1.7

Action                   |  1- 3 |  4- 6 || total
-------------------------+-------+-------++-------
Melee: Unarmed           |     6 |       ||     6
       Short sword       |    20 |       ||    20
       Tailslap          |     3 |     8 ||    11
       Morningstar       |    25 |    72 ||    97
 Cast: Magic Dart        |    63 |    66 ||   129
  Eat: Chunk             |     2 |     7 ||     9
Armor: Skin              |    18 |    33 ||    51
Dodge: Dodged            |    58 |    68 ||   126
